Map: Moonlight Madness LE (Void)

Players

wabbajack - Winner!

  • Race: Zerg Zerg
  • League: Gold

Jaykopzn

  • Race: Zerg Zerg
  • League: Silver

VOD

Have the link to the VOD?

Description

Time

  • Played on: July 17, 2015, 4 p.m.
  • Length: 15:27
Show
View Real Time Build Order
Export as new Build Order

wabbajack Zerg - Winner!

Build Orders: Hatch First 

Get SALT Encoding   

  12  0:03  Drone  
  13  0:08  Drone  
  14  0:18  Overlord  
  14  0:24  Extractor  
  14  0:25  Extractor  
  14  0:26  Drone  
  13  0:30  Drone  
  16  0:39  Drone  
  17  0:56  Hatchery  
  16  0:57  Extractor  
  15  1:14  Spawning Pool  
  15  1:16  Drone  
  15  1:17  Drone  
  16  1:22  Drone  
  17  1:52  Overlord  
  17  1:54  Drone x2  
  19  2:04  Queen  
  19  2:06  Metabolic Boost  
  21  2:32  Zergling x12  
  27  2:45  Queen  
  27  2:48  Zergling x2  
  30  3:03  Overlord  
  30  3:04  Drone  
  30  3:05  Drone x2  
  33  3:09  Drone  
  34  3:14  Overlord  
  34  3:18  Overlord  
  34  3:21  Roach Warren  
  33  3:34  Pneumatized Carapace  
  33  3:38  Lair  
  33  3:39  Drone  
  33  3:40  Drone x2  
  35  4:08  Spine Crawler x2  
  35  4:09  Spine Crawler  
  32  4:12  Spine Crawler  
  32  4:13  Drone x5  
  31  4:29  Drone x5  
  31  4:30  Drone  
  36  4:34  Drone  
  36  4:35  Drone  
  36  4:38  Extractor  
  37  4:42  Evolution Chamber  
  36  5:00  Queen  
  34  5:19  Queen  
  36  5:29  Roach x7  
  36  5:30  Roach x3  
  36  5:34  Overlord  
  56  5:37  Roach  
  58  6:02  Queen  
  58  6:03  Overlord, Queen  
  58  6:04  Overlord  
  62  6:26  Zergling x22  
  73  6:56  Overlord  
  73  6:57  Roach x5  
  63  7:14  Hatchery  
  51  7:46  Drone  
  51  7:47  Drone x4  
  51  7:49  Roach  
  51  7:50  Roach x7  
  62  8:16  Zerg Missile Weapons Level 1  
  62  8:19  Drone x2, Extractor  
  64  8:20  Drone x2, Extractor  
  64  8:21  Drone x3  
  67  8:32  Roach  
  68  8:47  Spine Crawler  
  68  8:48  Spine Crawler  
  66  8:52  Drone  
  66  8:53  Drone x9  
  76  9:01  Overlord x2  
  76  9:02  Overlord  
  76  9:19  Glial Reconstitution  
  76  9:20  Roach  
  76  9:21  Roach x6  
  76  9:22  Hydralisk Den  
  89  9:37  Overlord  
  89  9:38  Overlord x2  
  89  9:40  Lurker Den  
  89  9:48  Spore Crawler  
  89  9:50  Spine Crawler  
  89  9:51  Spine Crawler  
  86  9:55  Hydralisk x2  
  86  9:56  Hydralisk x3, Roach x4  
  86  9:57  Roach  
  106  10:10  Drone  
  107  10:22  Drone x4, Extractor  
  107  10:23  Drone x4  
  107  10:24  Drone x2, Extractor  
  107  10:25  Drone  
  107  10:26  Drone x2  
  118  10:34  Drone  
  118  10:35  Drone x2  
  121  10:36  Overlord  
  121  10:37  Overlord x3  
  121  10:39  Zerg Missile Weapons Level 2  
  121  10:44  Evolution Chamber  
  120  10:55  Burrow  
  120  10:57  Hydralisk x4, Roach x2  
  120  10:58  Roach x2  
  120  11:01  Overseer  
  136  11:09  Spine Crawler  
  136  11:10  Muscular Augments  
  135  11:12  Zerg Ground Armor Level 1  
  135  11:26  Lurker x2  
  137  11:48  Overlord  
  137  11:49  Overlord  
  137  11:51  Roach x3  
  137  11:52  Roach x4  
  151  12:13  Hydralisk x5, Roach  
  151  12:14  Hydralisk x3, Roach x6  
  151  12:15  Roach x3  
  129  13:17  Hydralisk  
  129  13:18  Hydralisk x16  
  129  13:19  Hydralisk x4  
  165  13:21  Roach x16  
  165  13:22  Roach x4  
  165  13:24  Spore Crawler  
  165  13:25  Spore Crawler  
  165  13:27  Spore Crawler  
  162  13:28  Spore Crawler  
  162  13:30  Spore Crawler x2  
  162  13:32  Spore Crawler  
Show
View Real Time Build Order
Export as new Build Order

Jaykopzn Zerg 

Build Orders: Pool First 

Get SALT Encoding   

  12  0:01  Drone  
  13  0:12  Overlord  
  13  0:18  Drone  
  14  0:30  Drone  
  14  0:31  Drone  
  16  0:39  Drone  
  17  0:46  Spawning Pool  
  17  0:49  Extractor  
  15  0:52  Drone  
  16  0:59  Drone  
  17  1:23  Hatchery  
  16  1:26  Overlord  
  17  1:32  Drone  
  17  1:35  Drone  
  18  1:47  Queen  
  18  1:52  Zergling x2  
  21  1:57  Zergling x2  
  22  2:03  Drone  
  23  2:11  Drone  
  24  2:23  Overlord  
  24  2:36  Queen  
  26  2:38  Drone  
  26  2:39  Drone  
  28  2:44  Overlord  
  28  2:51  Metabolic Boost  
  28  2:53  Drone  
  28  2:56  Drone  
  28  2:58  Drone  
  31  3:05  Drone  
  32  3:09  Drone  
  33  3:13  Drone x4  
  37  3:20  Zergling x4  
  39  3:36  Drone x2  
  41  3:50  Baneling Nest  
  41  3:52  Zergling x2  
  41  3:53  Zergling x12  
  32  4:04  Zergling x2  
  32  4:05  Zergling x8  
  32  4:07  Queen  
  39  4:12  Spine Crawler  
  39  4:15  Zergling x2  
  36  4:23  Drone x2  
  38  4:26  Queen  
  40  4:37  Drone x2  
  42  4:42  Spine Crawler  
  41  4:45  Spine Crawler  
  41  4:48  Drone x2  
  41  5:12  Zergling x2  
  41  5:13  Zergling x10  
  40  5:22  Drone x4  
  40  5:27  Overlord  
  44  5:43  Baneling x2  
  44  5:45  Baneling x3  
  44  5:51  Drone x4  
  44  5:52  Drone x4  
  44  5:55  Overlord  
  52  6:07  Overlord x3  
  52  6:22  Drone x5, Extractor  
  56  6:29  Spine Crawler  
  55  6:35  Zergling x2  
  55  6:36  Zergling x2  
  55  6:37  Zergling x2  
  58  6:40  Hatchery  
  50  7:02  Zergling x16  
  50  7:03  Zergling x6  
  57  7:12  Spine Crawler  
  52  7:41  Zergling x14  
  59  7:47  Queen  
  59  7:49  Hatchery, Queen  
  62  7:57  Zergling x4  
  43  8:42  Zergling x18  
  52  8:54  Spine Crawler  
  51  8:55  Spine Crawler  
  51  9:00  Spine Crawler  
  49  9:09  Drone x8  
  57  9:11  Queen  
  59  9:17  Spine Crawler  
  59  9:20  Evolution Chamber, Drone x2  
  59  9:25  Extractor  
  59  9:26  Lair  
  58  9:37  Drone x2  
  58  9:38  Drone x2  
  62  9:56  Spore Crawler x2  
  58  10:09  Spine Crawler  
  58  10:13  Spine Crawler  
  55  10:14  Spine Crawler  
  55  10:16  Zergling x14  
  55  10:17  Spine Crawler  
  60  10:28  Drone  
  60  10:29  Drone  
  60  10:32  Spine Crawler  
  61  10:35  Extractor  
  61  10:42  Zergling x4  
  62  10:58  Zergling x6  
  65  11:14  Spire  
  65  11:18  Spore Crawler x2  
  62  11:21  Spore Crawler  
  62  11:23  Spore Crawler  
  62  11:24  Drone x2  
  62  11:25  Drone x6  
  68  11:27  Drone  
  69  11:41  Zerg Ground Armor Level 1  
  69  11:48  Evolution Chamber  
  68  11:57  Baneling x3  
  68  11:58  Baneling x7  
  68  11:59  Baneling x6  
  68  12:02  Drone x7  
  68  12:03  Drone x3  
  78  12:09  Extractor  
  77  12:17  Infestation Pit  
  63  12:34  Zergling x2  
  63  12:35  Zergling x16  
  63  12:45  Mutalisk x4  
  63  12:46  Mutalisk  
  73  12:56  Extractor  
  48  13:28  Zergling x14  
  59  13:40  Drone  
  59  13:43  Zergling x2  
  59  13:44  Zergling x4  
  59  13:45  Zergling x2  
Tags
 
Add a new tag
Caveats
  • Supply blocks, unpowered buildings, or Contaminate may cause inaccurate times.
  • Supply counts are checked every 10 seconds.